 Dungeon Crawl Stone Soup version 0.16-a0-4113-g7d8e295 (webtiles) character file.

762 Kaesh the Ruffian (level 7, 0/70 HPs)
             Began as a Troll Monk on Feb 28, 2015.
             Slain by xsansara's ghost (4 damage)
             ... on level 4 of the Dungeon.
             The game lasted 00:19:00 (3796 turns).

Kaesh the Ruffian (Troll Monk)                      Turns: 3796, Time: 00:19:00

Health: 0/70       AC:  5    Str: 20    XL:     7   Next: 51%
Magic:  3/3        EV: 12    Int:  6    God:
Gold:   149        SH:  0    Dex: 14    Spells: 0 memorised, 6 levels left

rFire  . . .     SeeInvis .       - Unarmed
rCold  . . .     Clarity  .     s - +0 robe
rNeg   . . .     SustAb   .     (shield restricted)
rPois  .         Gourm    +     (helmet restricted)
rElec  .         Spirit   .     (no cloak)
rCorr  .         Warding  .     (gloves unavailable)
rMut   .         Stasis   .     (boots unavailable)
MR     .....                    e - amulet of faith
Stlth  ++........               (no ring)
                                (no ring)

@: not resistant to hostile enchantments, unstealthy
A: unfitting armour, claws 3, fast metabolism 3, gourmand, regeneration 2,
shaggy fur 1, tough skin 2
a: no special abilities


You were on level 4 of the Dungeon.
You were not hungry.

You visited 1 branch of the dungeon, and saw 4 of its levels.
You also visited: Sewer.

You collected 149 gold pieces.

Inventory:

Armour
 a - a +0 robe
 s - a +0 robe (worn)
Jewellery
 e - an amulet of faith (around neck)
Magical devices
 n - a wand of digging (10)
Scrolls
 c - 3 scrolls of magic mapping
 f - 6 scrolls of identify
 l - a scroll of fear {unknown}
 o - a scroll of blinking {unknown}
 p - a scroll of random uselessness {unknown}
 r - a scroll of noise {unknown}
 x - 2 scrolls of enchant armour {unknown}
 y - a scroll of recharging
Potions
 g - 5 potions of curing {unknown}
 i - a potion of beneficial mutation {unknown}
 j - a potion of poison {unknown}
 m - 2 potions of invisibility {unknown}
 t - 4 potions of agility {unknown}
 u - a potion of restore abilities {unknown}
 v - 2 potions of cure mutation {unknown}
 w - 3 potions of brilliance {unknown}
 z - a potion of might {unknown}
 A - a potion of flight {unknown}
 B - a potion of heal wounds {unknown}
Comestibles
 b - 4 meat rations
 h - 2 bread rations
 k - a royal jelly


   Skills:
 + Level 4.0 Fighting
 + Level 4.7 Dodging
 + Level 1.5 Stealth
 + Level 6.6 Unarmed Combat


You had 6 spell levels left.
You didn't know any spells.

Dungeon Overview and Level Annotations

Branches:
Dungeon (4/15)
 Temple: D:4-7

Altars:
Elyvilon
Xom
The Shining One

Shops:
D:4 ?

Annotations:
D:4 xsansara's ghost, experienced TrCK


Innate Abilities, Weirdness & Mutations

You are too large for most types of armour.
You have claws for hands.
Your metabolism is lightning-fast.
You like to eat raw meat.
You heal very quickly.
You are covered in fur (AC +1).
You have very tough skin (AC +2).


Message History

Xsansara's ghost is lightly damaged.
Xsansara's ghost hits you!
You scratch xsansara's ghost.
Xsansara's ghost is moderately damaged.
Xsansara's ghost hits you!
You scratch xsansara's ghost but do no damage.
Xsansara's ghost is moderately damaged.
Xsansara's ghost hits you!!
* * * LOW HITPOINT WARNING * * *
You are too injured to fight recklessly!
You closely miss xsansara's ghost.
Xsansara's ghost is moderately damaged.
You scratch xsansara's ghost but do no damage.
Xsansara's ghost is moderately damaged.
Xsansara's ghost completely misses you.
You closely miss xsansara's ghost.
You claw xsansara's ghost, but do no damage.
Xsansara's ghost is moderately damaged.
Xsansara's ghost hits you.
You die...

##### #.#.#
##..## ##.##.##
######
##.####.####..@.#
#.## ##.##..##W#
### ##....## #.#
#.....# ..#
##..#..###. ...
##.......... ##..
# ##......###.. #
#.##..###..# #
##.....# #.##


You could see xsansara's ghost.

Vanquished Creatures
  The ghost of Kaesh the Ruffian, an average TrMo (Sewer)
  An ogre (D:4)
  Sigmund (D:2)
  A big kobold (Sewer)
  3 orc wizards (D:3)
  8 river rats
  8 adders
  2 giant mites (D:3)
  A worm (D:2)
  6 giant geckos
  2 oozes
  9 orcs
  6 bats
  10 goblins
  14 hobgoblins
  11 jackals
  A quokka (D:2)
  6 ball pythons
  3 giant cockroaches
  A giant newt (D:3)
  26 kobolds
  29 rats
150 creatures vanquished.

Notes
Turn   | Place    | Note
--------------------------------------------------------------
     0 | D:1      | Kaesh, the Troll Monk, began the quest for the Orb.
     0 | D:1      | Reached XP level 1. HP: 22/22 MP: 1/1
   112 | D:1      | Reached XP level 2. HP: 25/29 MP: 1/1
   315 | D:1      | Reached XP level 3. HP: 32/36 MP: 2/2
   967 | D:2      | Reached XP level 4. HP: 35/44 MP: 2/2
  1193 | D:2      | Reached skill level 5 in Unarmed Combat
  1241 | D:2      | Found a shimmering altar of Xom.
  1341 | D:2      | Noticed Sigmund
  1348 | D:2      | Killed Sigmund
  1348 | D:2      | Reached XP level 5. HP: 51/53 MP: 2/2
  1772 | D:3      | Found a white marble altar of Elyvilon.
  1859 | D:3      | Found a glowing drain.
  1899 | Sewer    | Entered a sewer
  2213 | Sewer    | Reached XP level 6. HP: 35/61 MP: 3/3
  2309 | Sewer    | Noticed Kaesh's ghost (average TrMo)
  2325 | Sewer    | HP: 2/61 [Kaesh's ghost (4)]
  2326 | Sewer    | Killed Kaesh's ghost
  2326 | Sewer    | Reached skill level 6 in Unarmed Combat
  2462 | Sewer    | Reached XP level 7. HP: 59/68 MP: 3/3
  3259 | D:4      | Found Mablaima's Magic Scroll Emporium.
  3338 | D:4      | Found a glowing golden altar of the Shining One.
  3785 | D:4      | Noticed xsansara's ghost (experienced TrCK)
  3793 | D:4      | HP: 2/70 [xsansara's ghost (20)]
  3796 | D:4      | Slain by xsansara's ghost

Action                   |  1- 3 |  4- 6 |  7- 9 || total
-------------------------+-------+-------+-------++-------
Melee: Unarmed           |   106 |   157 |    96 ||   359
  Use: Scroll            |       |     1 |     3 ||     4
 Stab: Sleeping          |     2 |       |     3 ||     5
  Eat: Chunk             |    11 |    14 |    10 ||    35
